 Dungeon Crawl Stone Soup version 0.30-a0-989-g0d87f670db (webtiles) character file.

Game seed: 5626669233003858230

44827 mopl the Jinx (level 13, -3/76 HPs)
             Began as a Deep Elf Enchanter on Apr 3, 2023.
             Was the Champion of Dithmenos.
             Slain by a spriggan rider
             ... wielding a +0 spear
              (15 damage)
             ... on level 5 of the Lair of Beasts.
             The game lasted 00:41:08 (15776 turns).

mopl the Jinx (Deep Elf Enchanter)                 Turns: 15776, Time: 00:41:12

Health: -3/76      AC: 11    Str:  7    XL:     13   Next: 98%
Magic:  14/40      EV: 14    Int: 34    God:    Dithmenos [******]
Gold:   684        SH:  0    Dex: 18    Spells: 3/36 levels left

rFire   + . .      SeeInvis +    a - +4 dagger of Rattis {freeze, rElec rPois Str+2}
rCold   + . .      Faith    .    W - orb {guile}
rNeg    . . .      Spirit   .    Q - +0 steam dragon scales
rPois   +          Reflect  .    r - +2 helmet {SInv}
rElec   +          Rampage  .    L - scarf {rC+ rF+}
rCorr   .                        S - +1 pair of gloves {Dex+3}
Will    .....                    E - +0 pair of boots of Absolutism {rPois Int+2}
Stlth   +++++++++                R - amulet of the acrobat
HPRegen 0.32/turn                f - ring of magical power
MPRegen 0.27/turn                o - +6 ring of intelligence

@: wreathed by umbra
A: no striking features
a: Renounce Religion, Shadow Step, Shadow Form


You were on level 5 of the Lair of Beasts.
You worshipped Dithmenos.
Dithmenos was exalted by your worship.
You visited 3 branches of the dungeon, and saw 17 of its levels.
You also visited: Sewer and Ice Cave.

You collected 1113 gold pieces.
You spent 429 gold pieces at shops.

Inventory:

Hand Weapons
 a - the +4 dagger of Rattis (weapon) {freeze, rElec rPois Str+2}
   (You found it on level 7 of the Dungeon)

   Str:       It affects your strength (+2).
   rElec:     It insulates you from electricity.
   rPois:     It protects you from poison.
 b - a +2 dagger of venom
 e - the +6 rapier of the Sea {antimagic, rElec rF+++ Dex-2}
   (You found it on level 5 of the Lair of Beasts)

   Dex:       It affects your dexterity (-2).
   rF:        It renders you almost immune to fire.
   rElec:     It insulates you from electricity.
 l - a +0 hand axe of flaming
Missiles
 p - 64 poisoned darts
 y - 2 throwing nets
 z - 5 curare-tipped darts
 M - 2 atropa-tipped darts
 N - 16 boomerangs
Armour
 r - a +2 helmet of see invisible (worn)
 v - a +2 troll leather armour {Snorg}
 E - the +0 pair of boots of Absolutism (worn) {rPois Int+2}
   (You acquired it on level 1 of the Lair of Beasts)

   Int:       It affects your intelligence (+2).
   rPois:     It protects you from poison.
 L - a scarf of resistance (worn)
 Q - +0 steam dragon scales (worn)
 S - a +1 pair of gloves of dexterity (worn)
 W - an orb of guile (worn)
Jewellery
 f - a ring of magical power (left hand)
 o - a +6 ring of intelligence (right hand)
 A - a ring of resist corrosion
 K - a ring of positive energy
 R - an amulet of the acrobat (around neck)
Wands
 h - a wand of polymorph (4)
 j - a wand of digging (11)
 I - a wand of charming (16)
 T - a wand of flame (16)
 Y - a wand of quicksilver (2)
Scrolls
 d - 4 scrolls of poison
 i - 9 scrolls of magic mapping
 m - 5 scrolls of identify
 n - 3 scrolls of silence {!r}
 q - 10 scrolls of teleportation
 t - 4 scrolls of fear
 x - 3 scrolls of immolation
 H - 4 scrolls of fog
 P - 3 scrolls of blinking
 V - 2 scrolls of summoning
 X - a scroll of vulnerability
Potions
 c - 4 potions of invisibility
 g - 9 potions of brilliance
 k - 4 potions of lignification {!q}
 s - 10 potions of flight
 u - a potion of heal wounds
 w - 4 potions of resistance
 B - 2 potions of ambrosia
 C - 2 potions of haste
 D - 7 potions of curing
 F - 3 potions of cancellation
 G - 2 potions of might
Miscellaneous
 U - a tin of tremorstones (2/2)


   Skills:
 + Level 7.1 Fighting
 + Level 9.1 Short Blades
 + Level 4.0 Dodging
 + Level 12.1 Stealth
 + Level 12.1 Spellcasting
 + Level 12.3 Hexes
 - Level 3.0 Necromancy
 + Level 9.1 Transmutations
 + Level 9.2 Earth Magic
 + Level 9.2 Invocations


You had 3 spell levels left.
You knew the following spells:

 Your Spells              Type           Power      Damage    Failure   Level
a - Dazzling Flash        Conj/Hex       100%       N/A       1%          3
b - Ensorcelled Hibernat  Hex/Ice        100%       N/A       1%          2
c - Confusing Touch       Hex            81%        N/A       1%          3
d - Tukima's Dance        Hex            81%        N/A       1%          3
e - Enfeeble              Hex            40%        N/A       12%         7
g - Anguish               Hex/Necr       32%        N/A       1%          4
i - Irradiate             Conj/Tmut      25%        3d20      9%          5
p - Passwall              Tmut/Erth      58%        N/A       1%          2
t - Petrify               Tmut/Erth      70%        N/A       1%          4

Your spell library contained the following spells:

 Spells                   Type           Power      Damage    Failure   Level
 Sting                    Tmut/Pois      100%       1d8       1%          1
 Sublimation of Blood     Necr           41%        N/A       1%          2
 Portal Projectile        Hex/Tloc       100%       N/A       1%          3
 Shock                    Conj/Air       80%        1d8       2%          1
 Cigotuvi's Dreadful Rot  Necr/Pois/Air  54%        N/A       2%          2
 Poisonous Vapours        Pois/Air       40%        N/A       3%          2
 Scorch                   Fire           40%        2d7       3%          2
 Mephitic Cloud           Conj/Pois/Air  20%        N/A       6%          3
 Ozocubu's Armour         Ice            20%        N/A       6%          3
 Swiftness                Air            20%        N/A       6%          3
 Vhi's Electric Charge    Tloc/Air       40%        N/A       6%          3
 Blade Hands              Tmut           35%        N/A       1%          5
 Yara's Violent Unravell  Hex/Tmut       38%        3d15      1%          5
 Airstrike                Air            10%        2d(2-18)  22%         4
 Flame Wave               Conj/Fire      20%        2d7       22%         4
 Olgreb's Toxic Radiance  Pois           20%        N/A       22%         4
 Passage of Golubria      Tloc           20%        N/A       22%         4
 Iron Shot                Conj/Erth      25%        9d5       45%         6
 Arcjolt                  Conj/Air       10%        1d20      52%         5
 Iskenderun's Battlesphe  Conj           20%        2d7       52%         5
 Summon Cactus Giant      Summ           10%        N/A       97%         6
 Ozocubu's Refrigeration  Ice            10%        4d9       100%        7
 Spellforged Servitor     Conj/Summ      10%        N/A       100%        7
 Maxwell's Capacitive Co  Air            10%        ∞         100%        8


Dungeon Overview and Level Annotations

Branches:
Dungeon (11/15)            Temple (1/1) D:4            Lair (5/5) D:11
  Swamp (0/4) Lair:2        Snake (0/4) Lair:3        Slime (0/5) Lair:4
    Orc (0/2) D:9           Sewer (visited)           IceCv (visited)

Altars:
Ashenzari
Cheibriados
Dithmenos
Elyvilon
Fedhas
Gozag
Hepliaklqana
Kikubaaqudgha
Makhleb
Nemelex Xobeh
Okawaru
Qazlal
Ru
Sif Muna
Trog
Uskayaw
Vehumet
Wu Jian
Xom
Yredelemnul
Zin
The Shining One

Shops:
D:1 *   D:5 *


Message History

The polar bear is moving more slowly.
Your blink frog blinks!
The polar bear misses you. The polar bear claws you.
* * * LOW HITPOINT WARNING * * *
The polar bear barely misses you.
Casting: Petrify (mildly dangerous; 1% risk of failure)
Confirm with . or Enter, or press ? or * to list all spells.
Aiming: Petrify (mildly dangerous; 1% risk of failure)
Press: ? - help, Shift-Dir - straight line, f/p - spriggan rider
Aim: a spriggan rider, wielding a +0 spear (lightly wounded, petrified, umbra, chance to affect: 78%)
The polar bear barely resists.
Your shadow mimicks your spell!
The polar bear resists with significant effort.
The polar bear bites you but does no damage.
The polar bear barely misses you.
The polar bear claws you but does no damage.
Casting: Petrify (mildly dangerous; 1% risk of failure)
Confirm with . or Enter, or press ? or * to list all spells.
Aiming: Petrify (mildly dangerous; 1% risk of failure)
Press: ? - help, Shift-Dir - straight line, f/p - spriggan rider
Aim: a spriggan rider, wielding a +0 spear (lightly wounded, petrified, umbra, chance to affect: 78%) Nothing appears to happen.
The helpless polar bear fails to defend itself.
You perforate the polar bear like a sieve!!!!
You freeze the polar bear!
You kill the polar bear!
Dithmenos accepts your kill.
Your Dodging skill increases to level 4!
Your blink frog blinks!
You see here a polar bear corpse.
You see here a wolf corpse.
You are too injured to fight recklessly!
The helpless spriggan rider fails to defend itself.
You perforate the spriggan rider like a sieve!!!!
You freeze the spriggan rider!
The spriggan rider is almost dead.
The spriggan rider is no longer petrified.
Your blink frog blinks!
The spriggan rider hits you with a +0 spear!
You die...

♣# ♣♣♣♣ ♣♣♣ ♣♣♣.♣
....♣♣.♣♣♣♣♣♣♣..###
.
♣......i.♣♣....#.#
.. ♣....@†.♣♣...#
h..
♣♣..♣♣♣♣♣♣♣..######
## i... ♣♣♣♣.§♣♣
♣..##P#.###.
♣..♣♣♣♣.†F♣..♣
♣♣♣...........
♣†.)..♣♣♣♣♣.♣
♣.............
♣♣†.♣♣♣
..♣♣..............
♣♣♣♣
.♣♣.....#..#..#..
.♣♣...####...##..
♣♣... .....#..


You could see a spriggan rider (ally target) and a friendly blink frog
(charmed).

Vanquished Creatures
  Snorg (Lair:5)
  Fannar (D:11)
  2 ice dragons
  5 hydras
  A two-headed ogre (D:10)
  A boulder beetle (D:7)
  A skyshark (Lair:3)
  Sonja (Lair:2)
  2 bog bodies (IceCv)
  An ugly thing (D:11)
  2 manticores
  Joseph (D:10)
  4 elephants (Lair:3)
  2 black mambas (Lair:5)
  A torpor snail (Lair:3)
  5 cane toads
  Maggie (D:7)
  An unseen horror (D:11)
  3 rime drakes
  11 komodo dragons
  An ice devil (IceCv)
  A troll (D:7)
  6 polar bears
  3 hornets
  23 blink frogs
  6 dream sheep (Lair:4)
  5 shadows
  A spriggan (Lair:5)
  A human (D:5)
  36 yaks
  3 wraiths
  6 wyverns
  2 dire elephant simulacra (IceCv)
  2 basilisks
  2 steam dragons
  Grum (D:8)
  2 death yak simulacra (IceCv)
  A harpy simulacrum (IceCv)
  2 acid dragons
  3 nagas (Lair:3)
  6 swamp worms (Lair:2)
  6 water moccasins
  An ice beast (D:5)
  A swamp drake (D:11)
  8 orc warriors
  A sky beast (D:7)
  5 black bears
  An ogre (D:6)
  28 wolves
  3 centaurs
  2 phantoms
  5 kobold brigands
  10 bullfrogs
  A gnoll sergeant (D:10)
  3 cane toad simulacra (IceCv)
  9 two-headed ogre simulacra (IceCv)
  3 wights (D:9)
  A killer bee (D:7)
  An elephant simulacrum (IceCv)
  7 howler monkeys
  2 electric eels
  5 hounds
  4 jellies
  10 orc priests
  A gnoll bouda (D:5)
  2 sleepcaps
  2 iguanas
  13 orc wizards
  2 spriggan simulacra (IceCv)
  3 polar bear simulacra (IceCv)
  5 troll simulacra (IceCv)
  3 wolf simulacra (IceCv)
  8 gnolls
  9 adders
  5 river rats (Sewer)
  A naga simulacrum (IceCv)
  11 white imps
  4 ufetubi (IceCv)
  5 worms
  4 dart slugs
  44 orcs
  13 ball pythons
  11 bats
  8 endoplasms
  6 giant cockroaches
  7 hobgoblins
  A jackal (Sewer)
  7 quokkas
  7 frilled lizards
  7 goblins
  A goblin zombie (D:5)
  21 kobolds
  6 rats
494 creatures vanquished.

Vanquished Creatures (collateral kills)
  2 wights (D:9)
  3 orc wizards (D:11)
  A gnoll (D:5)
  An orc (D:10)
7 creatures vanquished.

Vanquished Creatures (others)
  An unseen horror (D:11)
  A wolf (Lair:5)
  An orc wizard (D:11)
  10 fungi
  29 plants
42 creatures vanquished.

Grand Total: 543 creatures vanquished

Notes
Turn   | Place    | Note
-------+----------+-------------------------------------------
     0 | D:1      | mopl the Deep Elf Enchanter began the quest for the Orb.
     0 | D:1      | Reached XP level 1. HP: 10/10 MP: 6/6
   229 | D:1      | Reached XP level 2. HP: 12/15 MP: 8/8
   263 | D:1      | Learned a level 2 spell: Ensorcelled Hibernation
   381 | D:1      | Reached skill level 4 in Stealth
   710 | D:1      | Reached XP level 3. HP: 19/19 MP: 10/10
   714 | D:1      | Learned a level 3 spell: Confusing Touch
   718 | D:1      | Learned a level 3 spell: Tukima's Dance
   886 | D:1      | Found Madohum's General Store.
   889 | D:1      | Bought a scroll of teleportation for 42 gold pieces
  1108 | D:2      | Found a faded altar of an unknown god.
  1782 | D:3      | Found a glowing drain.
  1826 | D:3      | Reached skill level 2 in Short Blades
  1863 | D:3      | Identified the +0 chain mail of the Many Deaths {Contam
                  | Regen+ Dex+5}
  1871 | Sewer    | Entered a sewer
  1929 | Sewer    | Reached XP level 4. HP: 19/24 MP: 11/11
  1981 | Sewer    | Reached skill level 4 in Spellcasting
  2134 | Sewer    | Reached skill level 5 in Hexes
  2303 | Sewer    | Reached XP level 5. HP: 28/28 MP: 13/13
  2308 | Sewer    | Learned a level 3 spell: Dazzling Flash
  2458 | Sewer    | Reached skill level 5 in Stealth
  3165 | D:1      | Bought a potion of brilliance for 56 gold pieces
  3401 | D:4      | Reached skill level 3 in Short Blades
  3401 | D:4      | Reached XP level 6. HP: 27/33 MP: 15/15
  3431 | D:4      | Reached skill level 1 in Fighting
  3431 | D:4      | Reached skill level 5 in Spellcasting
  3470 | D:4      | Learned a level 4 spell: Petrify
  3523 | D:4      | Found a glowing golden altar of the Shining One.
  3618 | D:4      | Found a staircase to the Ecumenical Temple.
  3776 | Temple   | Entered the Ecumenical Temple
  3868 | Temple   | Became a worshipper of Dithmenos the Shadowed
  4172 | D:5      | Entered Level 5 of the Dungeon
  4239 | D:5      | Reached skill level 1 in Transmutations
  4254 | D:5      | Reached skill level 1 in Earth Magic
  4254 | D:5      | Reached XP level 7. HP: 38/38 MP: 16/16
  4257 | D:5      | Reached skill level 6 in Hexes
  4257 | D:5      | Reached skill level 1 in Invocations
  4425 | D:5      | Found Maecref's General Store.
  4433 | D:5      | Bought a potion of attraction for 36 gold pieces
  4433 | D:5      | Bought a scroll of identify for 24 gold pieces
  4433 | D:5      | Bought a scroll of fog for 48 gold pieces
  4644 | D:5      | Found a runed translucent door.
  4644 | D:5      | Noticed a human
  4650 | D:5      | Found a basalt altar of Yredelemnul.
  4667 | D:5      | Killed a human
  4668 | D:5      | Reached skill level 2 in Fighting
  4668 | D:5      | Reached skill level 6 in Stealth
  4668 | D:5      | Reached skill level 2 in Transmutations
  4668 | D:5      | Reached skill level 2 in Earth Magic
  4816 | D:5      | Found a stormy altar of Qazlal.
  4816 | D:5      | Found a sacrificial altar of Ru.
  4817 | D:5      | Found a hide-covered altar of Uskayaw.
  4912 | D:6      | Reached skill level 2 in Invocations
  4912 | D:6      | Reached XP level 8. HP: 44/44 MP: 18/18
  5195 | D:6      | Reached skill level 4 in Short Blades
  5231 | D:6      | Reached skill level 6 in Spellcasting
  5589 | D:7      | Noticed Maggie
  5596 | D:7      | Reached skill level 7 in Hexes
  5596 | D:7      | Reached skill level 3 in Transmutations
  5596 | D:7      | Reached skill level 3 in Earth Magic
  5613 | D:7      | Killed Maggie
  5614 | D:7      | Reached skill level 3 in Invocations
  5626 | D:7      | Reached skill level 3 in Fighting
  5681 | D:7      | Reached skill level 7 in Stealth
  5681 | D:7      | Reached XP level 9. HP: 42/50 MP: 21/21
  5698 | D:7      | Reached * piety under Dithmenos
  5707 | D:7      | Reached skill level 7 in Spellcasting
  5761 | D:7      | Reached skill level 5 in Short Blades
  5819 | D:7      | Noticed a troll
  5824 | D:7      | Killed a troll
  5825 | D:7      | Reached skill level 4 in Transmutations
  5825 | D:7      | Reached skill level 4 in Earth Magic
  5882 | D:7      | Identified the +4 dagger of Rattis {freeze, rElec rPois
                  | Str+2}
  5914 | D:7      | Reached skill level 4 in Invocations
  6026 | D:7      | Found a shimmering altar of Xom.
  6084 | D:7      | Reached skill level 8 in Hexes
  6338 | D:7      | Noticed a boulder beetle
  6343 | D:7      | Killed a boulder beetle
  6536 | D:8      | Reached XP level 10. HP: 37/56 MP: 23/23
  6659 | D:8      | Reached skill level 8 in Stealth
  6740 | D:8      | Noticed Grum
  6742 | D:8      | Reached skill level 4 in Fighting
  6742 | D:8      | Reached skill level 8 in Spellcasting
  6747 | D:8      | Reached skill level 5 in Earth Magic
  6750 | D:8      | Killed Grum
  6751 | D:8      | Reached skill level 5 in Invocations
  6756 | D:8      | Reached skill level 5 in Transmutations
  6758 | D:8      | Reached ** piety under Dithmenos
  6931 | D:8      | Noticed a manticore
  6935 | D:8      | Killed a manticore
  6936 | D:8      | Reached skill level 6 in Short Blades
  7132 | D:8      | Identified the +1 ring mail of Insatiable Hunger {Harm +Inv
                  | Dex+5 SInv}
  7368 | D:5      | Bought a scroll of enchant weapon for 90 gold pieces
  7473 | D:1      | Bought a scroll of summoning for 133 gold pieces
  7659 | D:9      | Reached skill level 9 in Hexes
  7872 | D:9      | Identified the +1 ring mail of Disappointment {-Tele rN+
                  | Slay+3}
  7945 | D:9      | Found a broken altar of Ashenzari.
  7977 | D:9      | Found a staircase to the Orcish Mines.
  8066 | D:9      | Reached skill level 9 in Stealth
  8067 | D:9      | Reached *** piety under Dithmenos
  8070 | D:9      | Reached skill level 9 in Spellcasting
  8181 | D:9      | Reached skill level 6 in Earth Magic
  8181 | D:9      | Reached XP level 11. HP: 62/62 MP: 26/26
  8252 | D:9      | Reached skill level 6 in Invocations
  8563 | D:10     | Entered Level 10 of the Dungeon
  8577 | D:10     | Noticed a two-headed ogre
  8587 | D:10     | Killed a two-headed ogre
  8588 | D:10     | Reached skill level 6 in Transmutations
  8731 | D:10     | Noticed Joseph
  8926 | D:10     | Killed Joseph
  9111 | D:10     | Found an iron altar of Okawaru.
  9378 | D:11     | Reached skill level 5 in Fighting
  9402 | D:11     | Noticed Fannar
  9456 | D:11     | Killed Fannar
  9513 | D:11     | Reached **** piety under Dithmenos
  9586 | D:11     | Reached skill level 7 in Short Blades
  9630 | D:11     | Reached skill level 10 in Hexes
  9660 | D:11     | Found a staircase to the Lair.
  9804 | D:11     | Reached skill level 7 in Earth Magic
  9828 | D:11     | Noticed a white ugly thing
  9843 | D:11     | Killed a white ugly thing
  9844 | D:11     | Reached skill level 10 in Stealth
 10034 | Lair:1   | Entered Level 1 of the Lair of Beasts
 10076 | Lair:1   | Reached skill level 7 in Invocations
 10217 | Lair:1   | Reached skill level 10 in Spellcasting
 10237 | Lair:1   | Reached skill level 7 in Transmutations
 10334 | Lair:1   | Reached XP level 12. HP: 68/68 MP: 28/28
 10341 | Lair:1   | Found the +12 pair of quick blades "Gyre" and "Gimble"
                  | {protect}
 10667 | Lair:1   | Noticed an ice dragon
 10866 | Lair:1   | Killed an ice dragon
 11007 | Lair:1   | Identified a scroll of acquirement
 11062 | Lair:1   | Acquired the +0 pair of boots of Absolutism {rPois Int+2}
 11245 | Lair:2   | Noticed a seven-headed hydra
 11260 | Lair:2   | Killed a seven-headed hydra
 11292 | Lair:2   | Noticed a six-headed hydra
 11306 | Lair:2   | Found a staircase to the Swamp.
 11316 | Lair:2   | Killed a six-headed hydra
 11326 | Lair:2   | Reached skill level 6 in Fighting
 11574 | Lair:2   | Noticed Sonja
 11582 | Lair:2   | Killed Sonja
 11719 | Lair:2   | Reached skill level 11 in Hexes
 11838 | Lair:2   | Reached skill level 8 in Short Blades
 11996 | Lair:2   | Learned a level 4 spell: Anguish
 12068 | Lair:3   | Found a frozen archway.
 12074 | Lair:3   | Noticed an ice dragon
 12093 | Lair:3   | Reached skill level 8 in Earth Magic
 12100 | Lair:3   | Reached skill level 8 in Invocations
 12112 | Lair:3   | HP: 1/70 [ice dragon (9)]
 12121 | Lair:3   | Killed an ice dragon
 12122 | Lair:3   | Reached skill level 11 in Stealth
 12122 | Lair:3   | Reached skill level 1 in Necromancy
 12133 | IceCv    | Entered an ice cave
 12274 | IceCv    | Learned a level 5 spell: Irradiate
 12283 | IceCv    | Learned a level 7 spell: Enfeeble
 12387 | IceCv    | Reached ***** piety under Dithmenos
 12390 | IceCv    | Reached skill level 11 in Spellcasting
 12653 | IceCv    | Reached skill level 8 in Transmutations
 12979 | IceCv    | Learned a level 2 spell: Passwall
 13359 | IceCv    | Reached skill level 2 in Necromancy
 13359 | IceCv    | Reached XP level 13. HP: 31/75 MP: 25/30
 13673 | Lair:3   | Found a staircase to the Snake Pit.
 14055 | Lair:3   | Reached skill level 3 in Necromancy
 14882 | Lair:4   | Reached skill level 3 in Dodging
 14899 | Lair:4   | Reached skill level 12 in Hexes
 15398 | Lair:4   | Found a staircase to the Slime Pits.
 15464 | Lair:5   | Entered Level 5 of the Lair of Beasts
 15472 | Lair:4   | Reached skill level 9 in Earth Magic
 15476 | Lair:4   | Reached skill level 9 in Invocations
 15482 | Lair:4   | Reached skill level 7 in Fighting
 15512 | Lair:5   | Identified the +6 rapier of the Sea {antimagic, rElec rF+++
                  | Dex-2}
 15530 | Lair:5   | Reached ****** piety under Dithmenos
 15531 | Lair:5   | Reached skill level 12 in Spellcasting
 15534 | Lair:5   | Reached skill level 9 in Short Blades
 15583 | Lair:5   | Noticed Snorg
 15594 | Lair:5   | Killed Snorg
 15595 | Lair:5   | Reached skill level 12 in Stealth
 15641 | Lair:5   | Reached skill level 9 in Transmutations
 15774 | Lair:5   | Reached skill level 4 in Dodging
 15776 | Lair:5   | Slain by a spriggan rider

Illustrated notes

Levels and vault maps discovered:
D:1:      psy_arrival_wood_between_worlds, layout_basic, serial_shops,
          nicolae_shop_behind_doors
D:2:      layout_basic, basic_ecumenical_altar, serial_bayou_ford_a
D:3:      layout_basic, portal_sewer_entry_f
D:4:      layout_basic, old_standard_altar, temple_green, minmay_starry_boxes
D:5:      layout_loops_ring, gammafunk_temple_overflow_claw,
          dk_yredelemnul_ordeal, serial_shops, nicolae_diamond_shop,
          dk_noncrumbling_2, nicolae_elevator_lobby_asterisk
D:6:      layout_loops_ring
D:7:      layout_loops_ring, overflow_temple_1_default, minmay_shattered_shrine,
          uniq_maggie
D:8:      layout_basic, uniq_grum
D:9:      layout_long_grid, old_standard_altar, orc_0_dummy, lightli_orcish_oven
D:10:     layout_big_octagon, mainiacjoe_overflow_boulevard,
          reono_crystal_passage, kennysheep_generic_room_7, uniq_joseph
D:11:     layout_rooms, erik_lair_dragon, uniq_fannar
Temple:   nicolae_temple_great_sept
Lair:1:   dragon1_lemuel, layout_misc_corridors, nicolae_lair_grazing_beasts
          [nicolae_sub_lair_graze_edge, nicolae_sub_lair_graze_edge,
          nicolae_sub_lair_graze_edge, nicolae_sub_lair_graze_edge]
Lair:2:   layout_regular_city, palyth_hydra_swamp_entry,
          gammafunk_lair_bear_cave, uniq_sonja
Lair:3:   layout_roguey, guppyfry_snake_entry_garden,
          portal_ice_cave_entry_animals_and_master
Lair:4:   layout_cave_pods, dpeg_slime_entry_enclosed, beast_lair_carwin_9
Lair:5:   minmay_lair_end_enchanted_forest, layout_regular_city, serial_rivers,
          chequers_serial_rivers_small_3, chequers_serial_rivers_large_a,
          chequers_serial_rivers_large_b, chequers_serial_rivers_micro_c,
          uniq_urug, uniq_snorg

Skill      XL: |  1  2  3  4  5  6  7  8  9 10 11 12 13 |
---------------+----------------------------------------+-----
Stealth        | 4 5 6 7 9 10 11 12 | 12.1
Short Blades   | 2 3 4 5 6 7 8 9 |  9.1
Spellcasting   | 4 5 6 7 9 10 11 12 | 12.1
Hexes          | 5 6 7 8 9 10 11 12 | 12.3
Fighting       | 1 2 3 4 5 6 7 |  7.1
Transmutations | 1 2 3 4 5 7 8 9 |  9.1
Earth Magic    | 1 2 3 4 6 7 8 9 |  9.2
Invocations    | 2 3 4 5 7 8 9 |  9.2
Necromancy     | 2 3 |  3.0
Dodging        | 4 |  4.0

Action                     |  1- 3 |  4- 6 |  7- 9 | 10-12 | 13-15 || total
---------------------------+-------+-------+-------+-------+-------++-------
  Melee: Dagger            |   199 |   122 |   143 |   520 |   130 ||  1114
         Punch             |     2 |       |     3 |     1 |       ||     6
   Cast: Ensorcelled Hiber |    17 |    59 |    41 |   137 |    95 ||   349
         Confusing Touch   |       |     1 |     5 |    31 |     1 ||    38
         Tukima's Dance    |       |       |     2 |    10 |       ||    12
         Dazzling Flash    |       |       |       |     1 |     1 ||     2
         Petrify           |       |       |       |    21 |    10 ||    31
         Passwall          |       |       |       |     3 |     5 ||     8
  Evoke: Wand              |       |       |       |     1 |     4 ||     5
    Use: Scroll            |       |       |     8 |    13 |       ||    21
         Potion            |       |       |       |     3 |     1 ||     4
   Stab: Sleeping          |    20 |    41 |    48 |   149 |    88 ||   346
         Distracted        |     1 |       |       |     2 |       ||     3
         Confused          |       |     2 |     3 |    34 |       ||    39
         Petrified         |       |       |       |    13 |     7 ||    20
         Petrifying        |       |       |       |     1 |     1 ||     2
 Armour: Robe              |    47 |    61 |    12 |    36 |       ||   156
         Steam dragon scal |       |       |    10 |   135 |    28 ||   173
  Dodge: Dodged            |   118 |   112 |    56 |   309 |   114 ||   709

Table legend: (Time is in decaauts)
 A = Elapsed time spent in this place.
 B = Non-inter-level travel time spent in this place.
 C = Inter-level travel time spent in this place.
 D = Time resting spent in this place.
 E = Time spent auto-exploring this place.
 F = Levels seen in this place.
 G = Mean time per level.
                   A        B        C        D        E       F      G
               +--------+--------+--------+--------+--------+-----+--------+
         Total |  15737 |  14636 |   1101 |   1737 |   8425 |  19 |  828.3 |
       Dungeon |   9007 |   8208 |    799 |    584 |   5232 |  11 |  818.8 |
        Temple |    102 |     92 |     10 |      0 |     58 |   1 |  102.0 |
          Lair |   4168 |   3877 |    291 |    327 |   2452 |   5 |  833.6 |
         Sewer |    963 |    963 |      0 |    147 |    446 |   1 |  963.0 |
      Ice Cave |   1495 |   1495 |      0 |    679 |    236 |   1 | 1495.0 |
               +--------+--------+--------+--------+--------+-----+--------+

Top non-repeatable levels by time:
   IceCv: 1495 daAuts
  Lair:1: 1105 daAuts
     D:7: 1067 daAuts
     D:9: 1051 daAuts
  Lair:2: 990 daAuts
     D:1: 971 daAuts
   Sewer: 963 daAuts
  Lair:4: 961 daAuts
     D:3: 920 daAuts
     D:4: 860 daAuts
  Lair:3: 853 daAuts
     D:5: 796 daAuts
     D:8: 714 daAuts
     D:6: 697 daAuts
     D:2: 653 daAuts
